Map: Simulacrum LE

Players

PtitDrogo

  • Race: Protoss Protoss
  • League: Grandmaster
  • Spawn Location: 5:00

TLHarstem (Harstem) - Winner!

  • Race: Protoss Protoss
  • League: Master
  • Spawn Location: 11:00

VOD

Have the link to the VOD?

Description

Time

  • Played on: April 25, 2020, 9:52 a.m.
  • Length: 10:50
Show
View Real Time Build Order
Export as new Build Order

PtitDrogo Protoss 

Build Orders:  

Get SALT Encoding   

  12  0:00  Probe  
  13  0:13  Probe  
  14  0:17  Pylon  
  14  0:25  Probe (Chrono Boost)  
  15  0:37  Probe (Chrono Boost)  
  15  0:38  Gateway  
  16  0:44  Probe (Chrono Boost)  
  16  0:48  Assimilator  
  17  0:51  Probe  
  17  0:55  Assimilator  
  18  1:03  Probe (Chrono Boost)  
  19  1:09  Gateway  
  19  1:15  Probe (Chrono Boost)  
  20  1:20  Probe (Chrono Boost)  
  21  1:27  Cybernetics Core  
  21  1:32  Probe  
  22  1:38  Pylon  
  22  1:44  Probe  
  23  2:01  Warp Gate (Chrono Boost)  
  23  2:03  Stalker x2  
  27  2:09  Gateway  
  27  2:15  Pylon  
  27  2:16  Probe  
  28  2:33  Stalker x2  
  31  2:41  Shield Battery  
  31  2:55  Stalker  
  33  3:03  Stalker x2  
  37  3:15  Pylon  
  37  3:29  Shield Battery  
  37  3:43  Adept x3  
  43  4:04  Nexus  
  43  4:09  Probe  
  40  4:15  Sentry x3  
  44  4:21  Probe (Chrono Boost)  
  43  4:30  Robotics Facility  
  43  4:31  Probe (Chrono Boost)  
  44  4:35  Probe (Chrono Boost)  
  45  4:48  Probe  
  45  4:52  Pylon  
  46  5:00  Probe  
  46  5:02  Forge  
  46  5:06  Pylon  
  47  5:17  Probe x2 (Chrono Boost)  
  47  5:20  Immortal  
  53  5:27  Probe x2 (Chrono Boost)  
  55  5:31  Phoenix  
  55  5:33  Probe (Chrono Boost)  
  55  5:34  Protoss Ground Weapons Level 1 (Chrono Boost), Probe (Chrono Boost)  
  57  5:40  Pylon  
  57  5:41  Probe  
  58  5:43  Probe  
  59  5:53  Probe  
  59  5:55  Probe  
  61  5:59  Immortal (Chrono Boost)  
  65  6:08  Twilight Council  
  67  6:13  Shield Battery  
  67  6:14  Adept x2  
  67  6:15  Shield Battery  
  67  6:18  Adept  
  69  6:35  Immortal (Chrono Boost)  
  69  6:38  Adept x3  
  79  6:45  Pylon  
  79  6:50  Charge  
  79  6:52  Probe  
  78  6:59  Assimilator  
  78  7:01  Assimilator  
  78  7:03  Probe  
  78  7:04  Probe  
  78  7:05  Twilight Council  
  80  7:09  Adept x2  
  80  7:13  Warp Prism  
  86  7:24  Pylon  
  86  7:26  Gateway x2  
  86  7:35  Gateway  
  86  7:36  Protoss Ground Weapons Level 2 (Chrono Boost), Gateway  
  86  7:43  Probe  
  87  7:44  Probe  
  87  7:49  Templar Archives  
  88  7:59  Gateway  
  88  8:00  Gateway  
  88  8:12  Zealot x2  
  88  8:16  Pylon  
  88  8:17  Pylon  
  92  8:28  High Templar  
  94  8:36  High Templar  
  94  8:38  High Templar  
  94  8:39  High Templar, Zealot x2  
  94  8:40  Archon  
  104  8:42  Pylon  
  104  8:44  Archon  
  104  8:50  Nexus  
  104  8:56  Pylon  
  104  8:59  Pylon  
  104  9:16  High Templar x2, Zealot x3  
  112  9:19  Archon  
  112  9:37  High Templar  
  112  9:38  High Templar, Zealot x4  
  118  9:42  Archon  
  120  9:58  High Templar x2  
  120  9:59  Zealot x4  
  126  10:03  Archon  
  126  10:16  Zealot x2  
  107  10:32  Zealot x5  
  103  10:37  Zealot x2  
  83  10:45  Zealot  
Show
View Real Time Build Order
Export as new Build Order

TLHarstem Protoss - Winner!

Build Orders:  

Get SALT Encoding   

  12  0:01  Probe  
  13  0:13  Probe  
  14  0:18  Pylon  
  14  0:25  Probe (Chrono Boost)  
  15  0:37  Probe (Chrono Boost), Gateway  
  16  0:45  Probe (Chrono Boost)  
  16  0:47  Assimilator  
  17  0:51  Probe  
  18  0:58  Assimilator  
  18  1:04  Probe (Chrono Boost)  
  19  1:09  Gateway  
  19  1:13  Probe (Chrono Boost)  
  20  1:19  Probe  
  20  1:24  Cybernetics Core  
  21  1:31  Probe  
  22  1:35  Pylon  
  22  1:43  Probe  
  23  1:58  Warp Gate (Chrono Boost)  
  23  1:59  Probe  
  23  2:01  Stalker x2  
  28  2:08  Pylon  
  28  2:12  Probe  
  29  2:31  Stalker, Sentry  
  33  2:47  Nexus  
  33  2:53  Pylon  
  33  3:00  Stalker  
  35  3:08  Stalker  
  37  3:14  Shield Battery  
  37  3:24  Robotics Facility  
  37  3:27  Probe  
  38  3:39  Probe  
  39  3:42  Sentry  
  39  3:46  Sentry  
  43  3:51  Probe  
  43  3:55  Shield Battery  
  44  3:59  Probe  
  45  4:03  Probe  
  45  4:05  Shield Battery  
  44  4:11  Probe  
  44  4:15  Stalker  
  46  4:17  Stalker  
  46  4:21  Probe  
  46  4:23  Probe  
  48  4:27  Immortal (Chrono Boost)  
  52  4:34  Probe  
  52  4:38  Probe, Sentry  
  56  4:46  Stalker  
  56  4:51  Probe  
  56  4:52  Pylon  
  56  5:03  Probe, Immortal (Chrono Boost)  
  60  5:11  Zealot  
  62  5:14  Probe  
  62  5:16  Probe  
  62  5:17  Pylon  
  62  5:21  Sentry  
  66  5:26  Probe  
  68  5:31  Warp Prism (Chrono Boost)  
  70  5:37  Pylon  
  69  5:42  Gateway  
  69  5:43  Gateway  
  69  5:46  Sentry  
  69  5:48  Probe  
  69  5:49  Probe  
  73  5:57  Stalker  
  73  6:00  Probe  
  73  6:01  Probe  
  77  6:07  Pylon  
  77  6:12  Probe  
  77  6:13  Probe  
  77  6:14  Assimilator  
  77  6:17  Observer  
  80  6:19  Assimilator  
  80  6:23  Warp Prism  
  80  6:25  Stalker, Adept  
  80  6:28  Probe  
  83  6:33  Probe  
  83  6:35  Shield Battery  
  84  6:40  Probe  
  84  6:45  Probe  
  84  6:46  Adept x2  
  88  6:52  Probe  
  88  6:53  Twilight Council  
  89  6:55  Forge  
  89  6:57  Probe  
  89  7:01  Zealot  
  92  7:03  Pylon  
  92  7:11  Pylon  
  92  7:15  Gateway  
  92  7:16  Gateway  
  92  7:20  Zealot  
  92  7:21  Zealot x3, Protoss Ground Weapons Level 1 (Chrono Boost)  
  100  7:25  Pylon, Charge (Chrono Boost)  
  100  7:33  Templar Archives  
  100  7:55  Pylon  
  100  7:59  Nexus  
  100  8:01  Gateway  
  100  8:04  Gateway  
  100  8:13  High Templar  
  100  8:14  High Templar, Zealot x2  
  100  8:18  Pylon  
  108  8:20  Zealot x2  
  108  8:22  Archon  
  111  8:31  Pylon  
  111  8:33  Pylon  
  111  8:37  Probe  
  111  8:39  Pylon  
  111  8:40  Pylon  
  112  8:47  Observer, High Templar x4  
  120  8:51  Pylon  
  120  8:52  Archon  
  118  8:57  Zealot x3, Archon  
  118  8:59  Shield Battery  
  124  9:16  Zealot  
  126  9:23  Zealot x6  
  132  9:37  Probe x2  
  134  9:40  High Templar  
  134  9:41  High Templar  
  134  9:44  Photon Cannon  
  134  9:45  Archon  
  138  9:48  Zealot  
  138  9:49  Zealot x2  
  138  9:57  Zealot x3  
  142  10:05  Probe  
  143  10:07  Assimilator  
  143  10:09  Assimilator  
  143  10:11  Zealot x2  
  143  10:12  Pylon  
  147  10:22  Zealot x4  
  139  10:31  High Templar  
  139  10:32  High Templar x3  
  133  10:37  Archon x2  
  117  10:47  Zealot x4  
Tags
 
Add a new tag
Caveats
  • Supply blocks, unpowered buildings, or Contaminate may cause inaccurate times.
  • Supply counts are checked every 10 seconds.